 Dungeon Crawl Stone Soup version 0.31-a0-177-g4aa6249778 (webtiles) character file.

Game seed: 6059868753802069967

910 mopl the Magician (level 8, -3/46 HPs)
             Began as an Octopode Hedge Wizard on June 18, 2023.
             Slain by a sleepcap (8 damage)
             ... on level 5 of the Dungeon.
             The game lasted 00:08:55 (4280 turns).

mopl the Magician (Octopode Hedge Wizard)           Turns: 4280, Time: 00:08:55

Health: -3/46      AC:  1    Str:  9    XL:     8   Next: 8%
Magic:  14/16      EV: 13    Int: 18    God:
Gold:   184        SH:  0    Dex: 12    Spells: 8/18 levels left

rFire   . . .        a - +0 dagger
rCold   . . .        (no shield)
rNeg    . . .        b - +0 hat
rPois   .            (no amulet)
rElec   .            u - ring of resist corrosion
rCorr   +            (no ring)
SInv    .            (no ring)
Will    .....        (no ring)
Stlth   +++          (no ring)
HPRegen 0.27/turn    (no ring)
MPRegen 0.15/turn    (no ring)
                     (no ring)

%: no passive effects
@: on blink cooldown
A: almost no armour, amphibious, 8 rings, camouflage 1, gelatinous body 1,
(nimble swimmer 1), tentacles
a: no special abilities


You were on level 5 of the Dungeon.
You visited 2 branches of the dungeon, and saw 6 of its levels.

You collected 184 gold pieces.

Inventory:

Hand Weapons
 a - a +0 dagger (weapon)
 w - a +1 trident of protection
Missiles
 p - a throwing net
 s - 2 poisoned darts
Armour
 b - a +0 hat (worn)
Magical Staves
 d - a staff of fire
Jewellery
 u - a ring of resist corrosion (left tentacle)
Wands
 l - a wand of roots (2)
 t - a wand of digging (2)
Scrolls
 e - 2 scrolls of noise {unknown}
 h - a scroll of teleportation {unknown}
 i - 2 scrolls of poison {unknown}
 k - a scroll of amnesia {unknown}
Potions
 c - a potion of magic
 f - 2 potions of invisibility {unknown}
 g - 2 potions of cancellation
 j - a potion of resistance
 m - a potion of might
 n - a potion of curing
 o - a potion of enlightenment
 q - a potion of heal wounds
 r - a potion of berserk rage {!q}


   Skills:
 - Level 2.0 Dodging
 - Level 2.6 Stealth
 + Level 5.6 Spellcasting
 + Level 5.3 Conjurations
 - Level 1.0 Summonings
 - Level 3.0 Translocations
 + Level 4.3 Poison Magic


You had 8 spell levels left.
You knew the following spells:

 Your Spells              Type           Power      Damage    Failure   Level
a - Magic Dart            Conj           96%        1d7       1%          1
c - Mephitic Cloud        Conj/Pois/Air  16%        N/A       10%         3
e - Blink                 Tloc           30%        N/A       5%          2
o - Olgreb's Toxic Radia  Pois           20%        N/A       22%         4

Your spell library contained the following spells:

 Spells                   Type           Power      Damage    Failure   Level
 Sting                    Tmut/Pois      48%        1d5       5%          1
 Poisonous Vapours        Pois/Air       24%        N/A       8%          2
 Cigotuvi's Dreadful Rot  Necr/Pois/Air  20%        N/A       11%         2
 Call Imp                 Summ           16%        N/A       12%         2
 Slow                     Hex            20%        N/A       13%         1
 Manifold Assault         Tloc           15%        N/A       36%         4
 Storm Form               Tmut/Air       2%         N/A       100%        7


Dungeon Overview and Level Annotations

Branches:
Dungeon (5/15)             Temple (1/1) D:4

Altars:
Dithmenos
Fedhas
Hepliaklqana
Kikubaaqudgha
Nemelex Xobeh
Qazlal
Sif Muna
Trog
Xom
Yredelemnul
Zin

Shops:
D:5 ==

Annotations:
D:5 Dowan, Duvessa


Innate Abilities, Weirdness & Mutations

You cannot wear most types of armour.
You are amphibious.
You can wear up to eight rings at the same time.
Your skin changes colour to match your surroundings (Stealth+).
Your rubbery body absorbs attacks. (AC +1, EV +1)
((You are camouflaged when in or above water. (Stealth+)))
You have tentacles for arms and can constrict up to eight enemies at once.


Message History

You constrict the worm. The worm completely misses you.
You hit the worm but do no damage. You squeeze the worm.
The worm is heavily wounded.
You constrict the worm. You hit the worm. You squeeze the worm.
You kill the worm!
No target in view!
You see here a worm corpse.
HP restored.
A sleepcap comes into view.
The sleepcap releases spores at you.
You are engulfed in a cloud of soporific spores!
You fall asleep.
The sleepcap releases spores at you!!
You wake up.
You are engulfed in a cloud of soporific spores!
You are unaffected.
You are too injured to fight recklessly!
Unknown command.
The sleepcap attacks as you move away! The sleepcap releases spores at you!
You hit the sleepcap but do no damage. You grab the sleepcap.
You squeeze the sleepcap, but do no damage.
You constrict the sleepcap, but do no damage.
The sleepcap releases spores at you!
* * * LOW HITPOINT WARNING * * *
You are engulfed in a cloud of soporific spores!
You are unaffected.
You hit the sleepcap but do no damage. You constrict the sleepcap.
The sleepcap releases spores at you.
* * * LOW HITPOINT WARNING * * *
You are engulfed in a cloud of soporific spores!
You are unaffected.
You hit the sleepcap but do no damage. You squeeze the sleepcap.
The sleepcap is lightly damaged.
You constrict the sleepcap, but do no damage.
The sleepcap misses you.
Casting: Olgreb's Toxic Radiance (quite dangerous; 22% risk of failure)
Confirm with . or Enter, or press ? or * to list all spells.
You blink.
You lose your grip on the sleepcap.
The sleepcap attacks as you move away! The sleepcap releases spores at you!
You die...

########
##########..#.#.###
.......@f.........#
##########..#...#†###
#..#.......#
#..#..###..## #
#..#.#.#.#.....
#..#.##∩##.####
#..#.#.#.#.####
#..#..###......
#..#.......####


You could see a sleepcap.

Vanquished Creatures
  An ice beast (D:5)
  A black bear (D:4)
  2 ogres
  2 scorpions (D:4)
  5 hounds
  A jelly (D:5)
  A sleepcap (D:3)
  Ijyb (D:3)
  Natasha (thrice) (D:3 D:2)
  4 adders
  An ufetubus (D:4)
  3 worms
  A dart slug (D:1)
  11 orcs
  9 ball pythons
  10 bats
  7 endoplasms
  4 giant cockroaches
  4 goblins
  6 hobgoblins
  3 jackals (D:2)
  5 kobolds
  2 quokkas
  3 frilled lizards
  8 rats
98 creatures vanquished.

Notes
Turn   | Place    | Note
-------+----------+-------------------------------------------
     0 | D:1      | mopl the Octopode Hedge Wizard began the quest for the Orb.
     0 | D:1      | Reached XP level 1. HP: 11/11 MP: 4/4
    66 | D:1      | Reached XP level 2. HP: 13/17 MP: 3/6
    97 | D:1      | Learned a level 2 spell: Blink
   445 | D:1      | Reached XP level 3. HP: 21/21 MP: 3/7
   489 | D:1      | Learned a level 3 spell: Mephitic Cloud
   874 | D:2      | You fall into a shaft and drop 1 floor!
   946 | D:3      | Reached skill level 2 in Conjurations
  1031 | D:3      | Noticed Natasha
  1042 | D:3      | Killed Natasha
  1043 | D:3      | Reached skill level 2 in Translocations
  1043 | D:3      | Reached skill level 1 in Poison Magic
  1043 | D:3      | Reached XP level 4. HP: 23/27 MP: 7/9
  1065 | D:3      | Noticed Ijyb
  1094 | D:3      | Killed Ijyb
  1155 | D:3      | Noticed Natasha
  1162 | D:3      | Killed Natasha
  1163 | D:3      | Reached XP level 5. HP: 31/31 MP: 4/10
  1208 | D:2      | Reached skill level 2 in Poison Magic
  1475 | D:2      | Found a glowing silver altar of Zin.
  1535 | D:2      | Found a faded altar of an unknown god.
  1760 | D:3      | Noticed Natasha
  1881 | D:2      | Killed Natasha
  1882 | D:2      | Reached skill level 4 in Spellcasting
  2067 | D:3      | Noticed an ogre
  2093 | D:3      | Killed an ogre
  2094 | D:3      | Reached skill level 3 in Conjurations
  2094 | D:3      | Reached skill level 3 in Translocations
  2094 | D:3      | Reached XP level 6. HP: 36/36 MP: 0/12
  2383 | D:4      | Found a staircase to the Ecumenical Temple.
  2440 | Temple   | Entered the Ecumenical Temple
  3052 | D:4      | Reached skill level 4 in Conjurations
  3220 | D:4      | Reached XP level 7. HP: 41/41 MP: 7/14
  3323 | D:4      | Learned a level 4 spell: Olgreb's Toxic Radiance
  3396 | D:4      | Reached skill level 5 in Spellcasting
  3651 | D:4      | Reached skill level 3 in Poison Magic
  3759 | D:5      | Entered Level 5 of the Dungeon
  3795 | D:5      | Noticed Dowan
  3846 | D:5      | Noticed Duvessa
  3969 | D:4      | Reached skill level 5 in Conjurations
  4045 | D:5      | Reached skill level 4 in Poison Magic
  4045 | D:5      | Reached XP level 8. HP: 14/46 MP: 13/16
  4176 | D:5      | Identified the +0 cloak "Nesmahuck" {rC+ Stlth+}
  4219 | D:5      | Found Koucerap's Jewellery Emporium.
  4251 | D:5      | Found Uvim's Jewellery Shop.
  4280 | D:5      | Slain by a sleepcap

Illustrated notes

Levels and vault maps discovered:
D:1:      roderic_octagonal_star, layout_rooms, chequers_serial_rivers_micro_a
D:2:      layout_loops_ring, shapermc_ecumenical_altar_ellora, basic_altar
D:3:      layout_basic, hangedman_decor_diamond_cutter, uniq_ijyb, uniq_natasha
D:4:      layout_basic, minmay_temple_entry_butterflies, serial_glass,
          glass_columns_a, glass_columns_b, glass_columns_a, glass_columns_a,
          glass_columns_c, glass_columns_a, glass_columns_a, glass_columns_a
D:5:      layout_basic, serial_shops, shop, nicolae_inconvenience_store,
          nicolae_shop_tiny_glass, nicolae_shop_gaudy_bauble,
          nicolae_shop_gaudy_bauble, uniq_duvessa
Temple:   dpeg_chambers_temple

Skill      XL: |  1  2  3  4  5  6  7 |
---------------+----------------------+-----
Conjurations   | 2 3 4 5 |  5.3
Translocations | 2 3 |  3.0
Poison Magic   | 1 2 4 |  4.3
Spellcasting   | 4 5 |  5.6
Dodging        | |  2.0
Stealth        | |  2.6
Summonings     | |  1.0

Action                     |  1- 3 |  4- 6 |  7- 9 || total
---------------------------+-------+-------+-------++-------
  Melee: Dagger            |    68 |    99 |    42 ||   209
         Tentacles         |    11 |    25 |    12 ||    48
         Constrict         |    12 |    23 |    14 ||    49
         Punch             |     1 |     1 |       ||     2
   Cast: Magic Dart        |    39 |    49 |    29 ||   117
         Mephitic Cloud    |       |     3 |     4 ||     7
         Blink             |       |     2 |     2 ||     4
         Olgreb's Toxic Ra |       |       |     1 ||     1
  Evoke: Wand              |       |       |     3 ||     3
    Use: Scroll            |       |     7 |     1 ||     8
   Stab: Sleeping          |     5 |    10 |       ||    15
         Confused          |       |     4 |     3 ||     7
 Armour: Skin              |     7 |     4 |     1 ||    12
  Dodge: Dodged            |    49 |    79 |    40 ||   168

Table legend: (Time is in decaauts)
 A = Elapsed time spent in this place.
 B = Non-inter-level travel time spent in this place.
 C = Inter-level travel time spent in this place.
 D = Time resting spent in this place.
 E = Time spent auto-exploring this place.
 F = Levels seen in this place.
 G = Mean time per level.
                   A        B        C        D        E       F      G
               +--------+--------+--------+--------+--------+-----+--------+
         Total |   4294 |   4144 |    150 |    987 |   2212 |   6 |  715.7 |
       Dungeon |   4080 |   3934 |    146 |    987 |   2010 |   5 |  816.0 |
        Temple |    213 |    210 |      3 |      0 |    202 |   1 |  213.0 |
               +--------+--------+--------+--------+--------+-----+--------+

Top non-repeatable levels by time:
     D:4: 1332 daAuts
     D:3: 991 daAuts
     D:2: 869 daAuts
     D:1: 666 daAuts
     D:5: 221 daAuts
  Temple: 213 daAuts
